2959 views
Uploaded 2019-12-01 21:22:27
Game version 1.32.0.3 / 1.32.0.3.1
8:50 long 4on4 ladder game on (8)Mur'gulOasis_LV
Saved by BEARAND
2959 views
Uploaded 2019-12-01 21:22:27
Game version 1.32.0.3 / 1.32.0.3.1
8:50 long 4on4 ladder game on (8)Mur'gulOasis_LV


/ 0.3k
38 buildings @ 4.8k
/ 1.6k

| Peon | 10 | 750 | / | 0 |
| Grunt | 7 | 1400 | / | 0 |
| total: | 17 | 2150g | / | 0w |
| Altar of Storms | 1 | 180 | / | 50 |
| Orc Burrow | 5 | 800 | / | 200 |
| Barracks | 1 | 180 | / | 50 |
| War Mill | 1 | 205 | / | 0 |
| Tauren Totem | 1 | 135 | / | 155 |
| Spirit Lodge | 1 | 150 | / | 150 |
| Stronghold | 1 | 315 | / | 190 |
| Fortress | 2 | 650 | / | 380 |
| total: | 10 | 1650g | / | 605w |
| 0:04 | Peon |
| 0:04 | Peon |
| 0:04 | Peon |
| 0:09 | Altar of Storms |
| 0:23 | Orc Burrow |
| 0:37 | Barracks |
| 0:43 | Peon |
| 0:55 | Peon |
| 1:29 | Peon |
| 1:39 | Orc Burrow |
| 1:51 | War Mill |
| 2:04 | Peon |
| 2:05 | Peon |
| 2:05 | Peon |
| 2:09 | Grunt |
| 2:15 | Feral Spirit |
| 2:31 | Peon |
| 2:34 | Grunt |
| 3:13 | Stronghold |
| 3:21 | Orc Burrow |
| 3:36 | Chain Lighting |
| 4:18 | Orc Burrow |
| 4:23 | Grunt |
| 4:23 | Grunt |
| 5:28 | Orc Burrow |
| 5:34 | Fortress |
| 6:17 | Feral Spirit |
| 6:48 | Tauren Totem |
| 6:54 | Spirit Lodge |
| 7:19 | Steel Armor |
| 8:09 | Pulverize |
| 8:16 | Berserker Strength |
| 8:17 | Grunt |
| 8:17 | Grunt |
| 8:17 | Grunt |
| Right click | 185 |
| Select | 101 |
| Build/train/purchase | 39 |
| Misc. action | 32 |
| Minimap ping | 10 |
| Chat | 9 |
| Use ability | 4 |

| Peasant | 6 | 450 | / | 0 |
| Footman | 9 | 1215 | / | 0 |
| total: | 15 | 1665g | / | 0w |
| Scout Tower | 7 | 210 | / | 140 |
| Guard Tower | 6 | 420 | / | 300 |
| Altar of Kings | 1 | 180 | / | 50 |
| Farm | 2 | 160 | / | 40 |
| Barracks | 1 | 160 | / | 60 |
| Lumber Mill | 1 | 120 | / | 0 |
| Keep | 1 | 320 | / | 210 |
| total: | 12 | 830g | / | 290w |
| 0:02 | Peasant |
| 0:02 | Peasant |
| 0:06 | Peasant |
| 0:21 | Altar of Kings |
| 0:37 | Farm |
| 0:51 | Barracks |
| 2:06 | Lumber Mill |
| 2:23 | Peasant |
| 2:31 | Farm |
| 2:53 | Peasant |
| 2:53 | Peasant |
| 2:59 | Flame Strike |
| 3:11 | Footman |
| 3:11 | Footman |
| 3:14 | Scout Tower |
| 3:27 | Footman |
| 3:27 | Footman |
| 3:44 | Guard Tower |
| 3:58 | Footman |
| 3:58 | Footman |
| 4:21 | Scout Tower |
| 4:36 | Guard Tower |
| 4:38 | Scout Tower |
| 4:42 | Footman |
| 5:01 | Guard Tower |
| 5:07 | Scout Tower |
| 5:28 | Guard Tower |
| 5:31 | Footman |
| 5:31 | Footman |
| 6:28 | Keep |
| 6:36 | Scout Tower |
| 6:47 | Guard Tower |
| 6:49 | Scout Tower |
| 6:55 | Scout Tower |
| 7:05 | Guard Tower |
| Right click | 256 |
| Select | 115 |
| Build/train/purchase | 28 |
| Minimap ping | 14 |
| Use ability | 4 |

| Peasant | 15 | 1125 | / | 0 |
| Rifleman | 6 | 1230 | / | 180 |
| Footman | 2 | 270 | / | 0 |
| total: | 23 | 2625g | / | 180w |
| Scout Tower | 1 | 30 | / | 20 |
| Arcane Tower | 1 | 70 | / | 50 |
| Blacksmith | 1 | 140 | / | 60 |
| Barracks | 1 | 160 | / | 60 |
| Farm | 4 | 320 | / | 80 |
| Altar of Kings | 2 | 360 | / | 100 |
| total: | 9 | 1010g | / | 320w |
| 0:04 | Peasant |
| 0:11 | Peasant |
| 0:15 | Peasant |
| 0:42 | Blacksmith |
| 0:52 | Barracks |
| 0:57 | Farm |
| 1:00 | Peasant |
| 1:00 | Peasant |
| 1:05 | Altar of Kings |
| 1:18 | Farm |
| 1:31 | Farm |
| 1:33 | Peasant |
| 1:33 | Peasant |
| 1:43 | Peasant |
| 2:13 | Rifleman |
| 2:13 | Rifleman |
| 2:20 | Scout Tower |
| 2:26 | Peasant |
| 2:32 | Rifleman |
| 2:35 | Farm |
| 2:54 | Arcane Tower |
| 3:11 | Holy Light |
| 3:17 | Rifleman |
| 3:23 | Rifleman |
| 4:25 | Peasant |
| 4:25 | Peasant |
| 4:25 | Peasant |
| 6:05 | Rifleman |
| 6:25 | Peasant |
| 6:26 | Peasant |
| 7:25 | Peasant |
| 7:29 | Altar of Kings |
| 7:46 | Footman |
| 7:46 | Footman |
| Right click | 247 |
| Select | 144 |
| Build/train/purchase | 30 |
| Chat | 27 |
| Minimap ping | 11 |
| Misc. action | 4 |
| Select group | 4 |
| Use ability | 3 |
| Assign group | 1 |
| Esc | 1 |

| Wisp | 6 | 360 | / | 0 |
| Archer | 6 | 780 | / | 60 |
| Huntress | 3 | 585 | / | 60 |
| total: | 15 | 1725g | / | 120w |
| Ancient of War | 1 | 150 | / | 60 |
| Altar of Elders | 1 | 180 | / | 50 |
| Moon Well | 4 | 720 | / | 160 |
| Hunter's Hall | 1 | 210 | / | 100 |
| total: | 7 | 1260g | / | 370w |
| 0:21 | Ancient of War |
| 0:23 | Wisp |
| 0:24 | Wisp |
| 0:24 | Wisp |
| 0:25 | Wisp |
| 0:26 | Wisp |
| 0:47 | Altar of Elders |
| 1:12 | Moon Well |
| 1:41 | Wisp |
| 2:13 | Hunter's Hall |
| 2:24 | Archer |
| 2:24 | Archer |
| 2:24 | Archer |
| 2:33 | Archer |
| 3:14 | Moon Well |
| 3:25 | Trueshot Aura |
| 3:34 | Huntress |
| 3:34 | Huntress |
| 3:34 | Huntress |
| 3:43 | Archer |
| 3:43 | Archer |
| 5:06 | Ultravision |
| 5:08 | Strength of the Moon |
| 5:11 | Moon Armor |
| 6:34 | Moon Well |
| 6:41 | Moon Well |
| 7:32 | Searing Arrows |
| Right click | 104 |
| Select | 67 |
| Build/train/purchase | 26 |
| Remove unit | 2 |
| Esc | 2 |
| Use ability | 1 |
76 units @ 5.3k
/ 0k
65 buildings @ 6k
/ 2.3k

| Staff of Teleportation | 1 | 150 |
| Boots of Speed | 1 | 250 |
| total: | 2 | 400g |
| Wisp | 13 | 780 | / | 0 |
| total: | 13 | 780g | / | 0w |
| Moon Well | 2 | 360 | / | 80 |
| Tree of Life | 1 | 340 | / | 185 |
| Altar of Elders | 1 | 180 | / | 50 |
| Ancient of War | 4 | 600 | / | 240 |
| Hunter's Hall | 1 | 210 | / | 100 |
| Tree of Ages | 1 | 320 | / | 180 |
| total: | 9 | 1690g | / | 655w |
| 0:01 | Wisp |
| 0:08 | Wisp |
| 0:17 | Wisp |
| 0:24 | Moon Well |
| 0:27 | Wisp |
| 0:41 | Tree of Life |
| 0:46 | Wisp |
| 0:56 | Altar of Elders |
| 1:01 | Wisp |
| 1:33 | Wisp |
| 1:45 | Wisp |
| 2:01 | Wisp |
| 2:06 | Moon Well |
| 2:15 | Wisp |
| 2:35 | Summon Quilbeast |
| 2:37 | Wisp |
| 3:04 | Ancient of War |
| 3:04 | Ancient of War |
| 3:08 | Ancient of War |
| 3:30 | Ancient of War |
| 3:34 | Wisp |
| 3:35 | Wisp |
| 4:11 | Summon Hawk |
| 5:00 | Tree of Ages |
| 6:09 | Hunter's Hall |
| 7:05 | Staff of Teleportation |
| 7:09 | Boots of Speed |
| Right click | 444 |
| Select | 210 |
| Assign group | 66 |
| Select group | 49 |
| Build/train/purchase | 38 |
| Resource trade | 36 |
| Use ability | 3 |
| Minimap ping | 2 |
| Misc. action | 1 |
| Item give/drop | 1 |


| Peasant | 22 | 1650 | / | 0 |
| total: | 22 | 1650g | / | 0w |
| Scout Tower | 12 | 360 | / | 240 |
| Guard Tower | 13 | 910 | / | 650 |
| Altar of Kings | 1 | 180 | / | 50 |
| Farm | 4 | 320 | / | 80 |
| Lumber Mill | 2 | 240 | / | 0 |
| Keep | 2 | 640 | / | 420 |
| total: | 19 | 1100g | / | 370w |
| 0:02 | Peasant |
| 0:02 | Peasant |
| 0:05 | Altar of Kings |
| 0:26 | Peasant |
| 0:45 | Farm |
| 1:03 | Peasant |
| 1:04 | Peasant |
| 1:06 | Peasant |
| 1:10 | Farm |
| 1:26 | Peasant |
| 1:38 | Peasant |
| 1:40 | Lumber Mill |
| 1:44 | Lumber Mill |
| 1:55 | Peasant |
| 2:14 | Peasant |
| 2:20 | Summon Water Elemental |
| 2:30 | Peasant |
| 2:35 | Peasant |
| 3:10 | Improved Masonry |
| 3:46 | Peasant |
| 3:46 | Peasant |
| 3:46 | Peasant |
| 3:46 | Peasant |
| 3:50 | Brilliance Aura |
| 4:19 | Keep |
| 5:22 | Farm |
| 5:24 | Farm |
| 5:59 | Scout Tower |
| 6:00 | Scout Tower |
| 6:00 | Scout Tower |
| 6:10 | Scout Tower |
| 6:11 | Scout Tower |
| 6:13 | Summon Water Elemental |
| 6:27 | Guard Tower |
| 6:27 | Guard Tower |
| 6:30 | Guard Tower |
| 6:31 | Scout Tower |
| 6:32 | Scout Tower |
| 6:33 | Scout Tower |
| 6:35 | Scout Tower |
| 6:38 | Guard Tower |
| 6:43 | Scout Tower |
| 7:17 | Guard Tower |
| 7:20 | Guard Tower |
| 7:20 | Guard Tower |
| 7:21 | Guard Tower |
| 7:31 | Peasant |
| 7:31 | Peasant |
| 7:31 | Peasant |
| 7:48 | Storm Bolt |
| 7:53 | Scout Tower |
| 7:55 | Scout Tower |
| 7:57 | Peasant |
| 7:57 | Peasant |
| 7:57 | Peasant |
| 8:30 | Guard Tower |
| Right click | 649 |
| Select | 211 |
| Select group | 77 |
| Build/train/purchase | 72 |
| Chat | 25 |
| Assign group | 16 |
| Misc. action | 11 |
| Resource trade | 8 |
| Remove unit | 3 |
| Use ability | 2 |

| Boots of Speed | 1 | 250 |
| Staff of Teleportation | 1 | 150 |
| total: | 2 | 400g |
| Wisp | 16 | 960 | / | 0 |
| total: | 16 | 960g | / | 0w |
| Moon Well | 5 | 900 | / | 200 |
| Tree of Life | 2 | 680 | / | 370 |
| Altar of Elders | 1 | 180 | / | 50 |
| Ancient of Wonders | 1 | 90 | / | 30 |
| Hunter's Hall | 1 | 210 | / | 100 |
| Tree of Ages | 1 | 320 | / | 180 |
| total: | 10 | 2060g | / | 750w |
| 0:07 | Wisp |
| 0:07 | Wisp |
| 0:07 | Wisp |
| 0:29 | Moon Well |
| 0:47 | Tree of Life |
| 0:57 | Wisp |
| 0:57 | Wisp |
| 1:05 | Wisp |
| 1:14 | Wisp |
| 1:24 | Wisp |
| 1:38 | Altar of Elders |
| 1:41 | Wisp |
| 1:41 | Wisp |
| 2:14 | Tree of Life |
| 2:22 | Wisp |
| 2:43 | Pocket Factory |
| 2:49 | Moon Well |
| 3:16 | Ancient of Wonders |
| 4:27 | Wisp |
| 4:27 | Wisp |
| 4:29 | Moon Well |
| 5:14 | Tree of Ages |
| 5:36 | Boots of Speed |
| 5:36 | Staff of Teleportation |
| 5:46 | Moon Well |
| 6:05 | Engineering Upgrade |
| 6:09 | Hunter's Hall |
| 6:51 | Moon Well |
| 8:16 | Pocket Factory |
| 8:35 | Wisp |
| 8:35 | Wisp |
| 8:36 | Wisp |
| 8:46 | Nature's Blessing |
| Right click | 530 |
| Select | 127 |
| Misc. action | 50 |
| Build/train/purchase | 27 |
| Use ability | 8 |
| Resource trade | 6 |
| Select group | 3 |
| Assign group | 2 |
| Esc | 1 |

| Staff of Teleportation | 1 | 150 |
| Boots of Speed | 1 | 250 |
| total: | 2 | 400g |
| Peasant | 25 | 1875 | / | 0 |
| total: | 25 | 1875g | / | 0w |
| Scout Tower | 22 | 660 | / | 440 |
| Guard Tower | 8 | 560 | / | 400 |
| Arcane Tower | 2 | 140 | / | 100 |
| Altar of Kings | 1 | 180 | / | 50 |
| Farm | 3 | 240 | / | 60 |
| Lumber Mill | 1 | 120 | / | 0 |
| total: | 27 | 1200g | / | 550w |
| 0:03 | Altar of Kings |
| 0:04 | Peasant |
| 0:04 | Peasant |
| 0:07 | Farm |
| 0:18 | Peasant |
| 0:18 | Peasant |
| 0:26 | Peasant |
| 0:47 | Peasant |
| 1:00 | Peasant |
| 1:03 | Peasant |
| 1:18 | Peasant |
| 1:28 | Peasant |
| 1:31 | Farm |
| 1:48 | Peasant |
| 2:02 | Lumber Mill |
| 2:05 | Summon Water Elemental |
| 2:33 | Peasant |
| 2:34 | Peasant |
| 2:38 | Farm |
| 3:37 | Scout Tower |
| 3:50 | Peasant |
| 3:50 | Peasant |
| 3:51 | Peasant |
| 3:51 | Peasant |
| 3:51 | Peasant |
| 4:04 | Guard Tower |
| 4:07 | Scout Tower |
| 4:16 | Brilliance Aura |
| 4:34 | Guard Tower |
| 4:35 | Scout Tower |
| 4:42 | Improved Masonry |
| 5:03 | Scout Tower |
| 5:05 | Guard Tower |
| 5:22 | Scout Tower |
| 5:35 | Arcane Tower |
| 6:04 | Staff of Teleportation |
| 6:05 | Boots of Speed |
| 6:41 | Scout Tower |
| 6:42 | Scout Tower |
| 6:43 | Scout Tower |
| 6:44 | Scout Tower |
| 6:44 | Scout Tower |
| 6:46 | Scout Tower |
| 7:10 | Summon Water Elemental |
| 7:19 | Guard Tower |
| 7:19 | Guard Tower |
| 7:26 | Scout Tower |
| 7:27 | Scout Tower |
| 7:27 | Scout Tower |
| 7:28 | Scout Tower |
| 7:29 | Scout Tower |
| 7:30 | Scout Tower |
| 7:37 | Scout Tower |
| 7:42 | Guard Tower |
| 8:02 | Guard Tower |
| 8:05 | Guard Tower |
| 8:10 | Arcane Tower |
| 8:21 | Scout Tower |
| 8:22 | Scout Tower |
| 8:23 | Scout Tower |
| 8:24 | Scout Tower |
| 8:30 | Peasant |
| 8:30 | Peasant |
| 8:30 | Peasant |
| 8:30 | Peasant |
| 8:30 | Peasant |
| 8:47 | Peasant |
| 8:47 | Peasant |
| Right click | 316 |
| Select group | 109 |
| Select | 101 |
| Build/train/purchase | 70 |
| Misc. action | 24 |
| Resource trade | 20 |
| Use ability | 8 |
| Minimap ping | 6 |
| Assign group | 4 |
| Esc | 2 |